 Dungeon Crawl Stone Soup version 0.24-a0-271-ga0fc33f724 (webtiles) character file.

Game seed: 718079507625049654

5577 Redear the Blocker (level 11, -3/86 (87) HPs)
             Began as a Formicid Fighter on Apr 24, 2019.
             Was a Priest of Okawaru.
             Slain by a komodo dragon (24 damage)
             ... on level 10 of the Dungeon.
             The game lasted 00:18:04 (10137 turns).

Redear the Blocker (Formicid Fighter)              Turns: 10137, Time: 00:18:05

HP:   -3/86 (87)    AC: 10    Str: 24    XL:     11   Next: 2%
MP:   10/11         EV: 12    Int:  8    God:    Okawaru [***...]
Gold: 583           SH: 11    Dex: 10    Spells: 10/10 levels left

rFire    . . .     SeeInvis +   G - +3 war axe (curse)
rCold    . . .     Gourm    .   c - +0 shield
rNeg     . . .     Faith    .   b - +0 scale mail
rPois    .         Spirit   .   (helmet unavailable)
rElec    .         Reflect  .   (no cloak)
rCorr    .         Harm     .   a - +1 pair of gloves
MR       +....                  (no boots)
Stlth    ..........             (no amulet)
HPRegen  0.24/turn              (no ring)
MPRegen  0.12/turn              (no ring)

@: drained
A: permanent stasis, dig shafts and tunnels, four strong arms, antennae 3
a: Dig, Shaft Self, Heroism, Renounce Religion


You were on level 10 of the Dungeon.
You worshipped Okawaru.
Okawaru was most pleased with you.
You were not hungry.

You visited 2 branches of the dungeon, and saw 11 of its levels.

You collected 583 gold pieces.

Inventory:

Hand Weapons
 C - a +3 hand axe
 G - a cursed +3 war axe (weapon)
Missiles
 y - 134 arrows
 A - 57 bolts
 Z - a throwing net (quivered) {+f}
Armour
 a - a +1 pair of gloves (worn)
 b - a +0 scale mail (worn)
 c - a +0 shield (worn)
 j - a +0 pair of boots
 k - a +1 robe of the Archmagi
 q - a scarf of repulsion
 t - the +0 robe "Duvios" {rC+ Str+2, unknown}
   (You found it on level 4 of the Dungeon)

   It affects your strength (+2).
   It protects you from cold.
Jewellery
 e - an uncursed ring of poison resistance {unknown}
 o - a +5 ring of dexterity {unknown}
 r - an uncursed amulet of regeneration {+Regen}
 w - a cursed ring of attention {unknown}
 D - a cursed ring of teleportation {unknown}
Wands
 n - a wand of polymorph (10)
 s - a wand of random effects (13)
Scrolls
 f - a scroll of enchant weapon {unknown}
 h - a scroll of noise {unknown}
 i - a scroll of amnesia {unknown}
 l - a scroll of immolation {unknown}
 m - a scroll of fear {unknown}
 v - 3 scrolls of vulnerability {unknown}
 x - a scroll of blinking {unknown}
 M - 2 scrolls of magic mapping
 N - 7 scrolls of remove curse {@r2}
Potions
 d - a potion of brilliance {unknown}
 g - a potion of cancellation {unknown}
 p - a potion of berserk rage {unknown}
 u - 2 potions of magic {unknown}
 B - a potion of lignification {unknown}
 E - a potion of haste {unknown}
 Q - 3 potions of curing {@q2}
Comestibles
 z - 20 rations


   Skills:
 + Level 8.5(7.4) Fighting
 + Level 7.3(6.2) Axes
 + Level 8.3(7.3) Armour
 + Level 6.3(5.3) Dodging
 + Level 9.1(8.1) Shields


You had 10 spell levels left.
You didn't know any spells.
Your spell library contained the following spells:

 Spells                   Type           Power        Failure   Level  Hunger
 Animate Skeleton         Necr           N/A          75%         1    ##.....
 Apportation              Tloc           #.....       75%         1    ##.....
 Confusing Touch          Hex            #.....       75%         1    ##.....
 Flame Tongue             Conj/Fire      #....        75%         1    ##.....
 Magic Dart               Conj           #...         75%         1    ##.....
 Summon Small Mammal      Summ           #...         75%         1    ##.....
 Call Imp                 Summ           #.......     87%         2    ###....
 Slow                     Hex            #.......     87%         2    ###....
 Throw Flame              Conj/Fire      #.....       87%         2    ###....
 Conjure Flame            Conj/Fire      #.......     98%         3    ####...
 Inner Flame              Hex/Fire       #.......     98%         3    ####...
 Mephitic Cloud           Conj/Pois/Air  #.......     98%         3    ####...
 Sticky Flame             Conj/Fire      #.......     100%        4    #####..
 Fireball                 Conj/Fire      #.........   100%        5    ######.
 Blink                    Tloc           Unusable     N/A         2    N/A

Dungeon Overview and Level Annotations

Branches:
Dungeon (10/15)            Temple (1/1) D:5
   Lair: D:8-11         Orc: D:9-12

Altars:
Ashenzari
Dithmenos
Elyvilon
Gozag
Hepliaklqana
Kikubaaqudgha
Makhleb
Nemelex Xobeh
Okawaru
Qazlal
Ru
Sif Muna
Trog
Uskayaw
Yredelemnul
Zin


Innate Abilities, Weirdness & Mutations

You cannot be hasted, slowed, berserked, paralysed or teleported.
You can dig through walls and to a lower floor.
Your four strong arms can wield two-handed weapons with a shield.
You have a pair of large antennae on your head. (SInv)


Message History

The black bear goes berserk!
You barely miss the black bear.
The black bear is severely wounded.
You hit the komodo dragon but do no damage.
You feel like a meek peon again. You block the komodo dragon's attack.
The black bear barely misses you. You block the black bear's attack.
The black bear closely misses you.
You barely miss the black bear.
The black bear is severely wounded.
You slash the komodo dragon! The black bear bites you!
* * * LOW HITPOINT WARNING * * *
The black bear claws you but does no damage.
The black bear closely misses you. You block the komodo dragon's attack.
You block the black bear's attack. x2
The black bear claws you but does no damage.
You take 6 damage, and have 21/86 hp.
Okay, then.
Okay, then.
The komodo dragon bites you!!
You die...

.....##########
.....#........+
.....'........#
.....#(.......#
.....######...#{
####......#...####+########
...#......+.....:.........#
...#......#......h........#
...#......#.....@l........#
####......#.....###..##...#
...#.....##########..######
...#.....# .............#
...#.....# .............#
...# .............# ...#
....##.......# ...# ....
#.......# ...# .(.
........#


You could see a komodo dragon and a black bear (berserk).

Vanquished Creatures
  A troll (D:9)
  A raiju (shapeshifter) (D:9)
  A hippogriff (D:8)
  Eustachio (D:4)
  A wyvern (D:8)
  A hungry ghost (D:8)
  Duvessa (D:6)
  An ice beast (D:7)
  4 orc warriors
  A black bear (D:4)
  3 phantoms
  7 sky beasts
  2 necrophages
  6 ogres
  2 centaurs
  A big kobold (D:8)
  4 bullfrogs
  A gnoll sergeant (D:6)
  Dowan (D:6)
  A scorpion (D:6)
  7 wights
  4 howler monkeys
  6 crimson imps
  A quasit (D:5)
  A bullfrog zombie (D:6)
  A bullfrog skeleton (D:5)
  5 hounds
  2 jellies
  An orc priest (D:8)
  6 orc wizards
  Natasha (thrice) (D:3)
  3 iguanas
  3 worker ants
  A hound zombie (D:6)
  A worker ant zombie (D:6)
  2 howler monkey skeletons
  12 gnolls
  7 adders
  2 shadow imps
  An adder skeleton (D:6)
  3 worms
  2 dart slugs (D:1)
  2 leopard geckos
  36 orcs
  A ball python (D:3)
  5 bats
  A giant cockroach (D:5)
  5 goblins
  7 hobgoblins
  12 jackals
  5 quokkas
  5 frilled lizards
  10 kobolds
  A leopard gecko skeleton (D:5)
  2 leopard gecko zombies (D:6)
  3 rats
210 creatures vanquished.

Notes
Turn   | Place    | Note
-------+----------+-------------------------------------------
     0 | D:1      | Redear the Formicid Fighter began the quest for the Orb.
     0 | D:1      | Reached XP level 1. HP: 18/18 MP: 1/1
   291 | D:1      | Reached XP level 2. HP: 21/24 MP: 2/2
   529 | D:1      | Reached XP level 3. HP: 29/29 MP: 3/3
   864 | D:2      | Reached skill level 4 in Shields
   892 | D:2      | Reached skill level 1 in Dodging
   993 | D:2      | Reached XP level 4. HP: 27/37 MP: 4/4
  1303 | D:2      | Noticed a phantom
  1370 | D:2      | Killed a phantom
  1370 | D:2      | Reached skill level 4 in Fighting
  1370 | D:2      | Reached skill level 4 in Armour
  1370 | D:2      | Reached XP level 5. HP: 15/42 MP: 5/5
  1893 | D:3      | Reached skill level 3 in Axes
  2119 | D:3      | Noticed Natasha
  2124 | D:3      | Killed Natasha
  2124 | D:3      | Reached XP level 6. HP: 42/48 MP: 6/6
  2138 | D:3      | Noticed Natasha
  2152 | D:3      | Killed Natasha
  2152 | D:3      | Reached skill level 2 in Dodging
  2199 | D:3      | Noticed Natasha
  2206 | D:3      | Killed Natasha
  2349 | D:4      | Noticed Eustachio
  2363 | D:4      | Killed Eustachio
  2363 | D:4      | Reached skill level 5 in Shields
  2363 | D:4      | Reached XP level 7. HP: 55/55 MP: 7/7
  2775 | D:4      | Reached skill level 5 in Fighting
  2821 | D:4      | Reached skill level 5 in Armour
  2828 | D:4      | Reached skill level 4 in Axes
  2828 | D:4      | Reached skill level 3 in Dodging
  2984 | D:4      | Reached XP level 8. HP: 35/62 MP: 8/8
  3274 | D:4      | Got a thick robe
  3293 | D:5      | Entered Level 5 of the Dungeon
  3333 | D:5      | Reached skill level 6 in Shields
  3558 | D:5      | Reached skill level 6 in Fighting
  3612 | D:5      | Reached skill level 4 in Dodging
  3664 | D:5      | Found a deep blue altar of Sif Muna.
  3771 | D:5      | Reached skill level 5 in Axes
  3771 | D:5      | Reached skill level 6 in Armour
  3771 | D:5      | Reached XP level 9. HP: 40/69 MP: 9/9
  4000 | D:5      | Found a staircase to the Ecumenical Temple.
  4018 | Temple   | Entered the Ecumenical Temple
  4111 | Temple   | Became a worshipper of Warmaster Okawaru
  4838 | D:6      | Reached skill level 7 in Shields
  4911 | D:6      | HP: 6/71 [wight/cursed +1 great sword of flaming (2)]
  5497 | D:6      | Found an ancient bone altar of Kikubaaqudgha.
  5759 | D:6      | Noticed Dowan
  5760 | D:6      | Noticed Duvessa
  5784 | D:6      | Killed Duvessa
  5784 | D:6      | Reached * piety under Okawaru
  5792 | D:6      | Killed Dowan
  5802 | D:6      | Reached skill level 7 in Fighting
  6094 | D:7      | Found a shadowy altar of Dithmenos.
  6143 | D:6      | Reached skill level 5 in Dodging
  6328 | D:6      | Reached skill level 6 in Axes
  6328 | D:6      | Reached skill level 7 in Armour
  6472 | D:7      | Reached XP level 10. HP: 79/79 MP: 7/10
  6675 | D:7      | Reached skill level 8 in Shields
  7191 | D:8      | Reached ** piety under Okawaru
  7352 | D:8      | Found an iron altar of Okawaru.
  7833 | D:8      | Reached skill level 8 in Fighting
  8255 | D:8      | Reached skill level 8 in Armour
  8255 | D:8      | Reached skill level 6 in Dodging
  8330 | D:8      | Reached skill level 7 in Axes
  8619 | D:9      | Reached *** piety under Okawaru
  8667 | D:9      | HP: 1/79 [troll (8)]
  8848 | D:9      | Reached skill level 9 in Shields
  9103 | D:9      | You fall through a shaft!
  9103 | D:10     | Entered Level 10 of the Dungeon
  9797 | D:10     | Reached XP level 11. HP: 45/86 MP: 8/11
 10137 | D:10     | Slain by a komodo dragon

Levels and vault maps discovered:
D:1:      dpeg_arrival_shelter, layout_loops_corners
D:2:      layout_basic, first_ration, minmay_pentomino_o4
D:3:      layout_loops_ring, uniq_natasha
D:4:      layout_rooms, chequers_serial_rivers_micro_a, uniq_eustachio
D:5:      layout_basic, led_sif_pool, minmay_temple_entry_mist
D:6:      layout_basic, basic_altar, uniq_duvessa
D:7:      layout_rooms, grunt_ogre_cave, grunt_dithmenos_smoke
D:8:      layout_basic, okawaru_gym_becter
D:9:      layout_loops_ring
D:10:     layout_gridville
Temple:   minmay_crystal_snake_temple

Skill      XL: |  1  2  3  4  5  6  7  8  9 10 |
---------------+-------------------------------+-----
Shields        | 4 5 6 7 9 |  9.1
Dodging        | 1 2 3 4 5 6 |  6.3
Fighting       | 4 5 6 7 8 |  8.5
Armour         | 4 5 6 7 8 |  8.3
Axes           | 3 4 5 6 7 |  7.3

Action                   |  1- 3 |  4- 6 |  7- 9 | 10-12 || total
-------------------------+-------+-------+-------+-------++-------
Melee: War axe           |   102 |   127 |   222 |   165 ||   616
       Hand axe          |       |       |   193 |   184 ||   377
Throw: Throwing net      |       |       |       |     1 ||     1
Invok: Heroism           |       |       |     2 |     9 ||    11
 Abil: Dig               |       |       |       |     1 ||     1
  Use: Potion            |       |       |     3 |     1 ||     4
       Scroll            |       |       |       |     5 ||     5
  Eat: Chunk             |       |     4 |    11 |     4 ||    19
       Ration            |       |       |     1 |     3 ||     4
Armor: Scale mail        |    47 |    42 |   140 |    96 ||   325
Dodge: Dodged            |    37 |    39 |   162 |   140 ||   378
Block: Shield            |    60 |    61 |   246 |   194 ||   561

Table legend:
 A = Non-vault XP
 B = Vault XP
 C = Vault XP percentage of total XP
 D = Non-vault monster count
 E = Vault monster count
 F = Vault count percentage of total count
                 A         B        C        D         E       F
            +---------+---------+-------+---------+---------+-------
      Total |    7366 |     602 |   7.6 |     202 |       8 |   3.8
            +---------+---------+-------+---------+---------+-------
        D:1 |      35 |       0 |   0.0 |      19 |       0 |   0.0
        D:2 |     171 |      17 |   9.0 |      16 |       3 |  15.8
        D:3 |     104 |      35 |  25.2 |      17 |       1 |   5.6
        D:4 |     636 |     211 |  24.9 |      12 |       1 |   7.7
        D:5 |    1075 |       0 |   0.0 |      24 |       0 |   0.0
        D:6 |    1225 |     223 |  15.4 |      40 |       2 |   4.8
        D:7 |    1064 |     116 |   9.8 |      25 |       1 |   3.8
        D:8 |    1737 |       0 |   0.0 |      24 |       0 |   0.0
        D:9 |    1010 |       0 |   0.0 |      18 |       0 |   0.0
       D:10 |     309 |       0 |   0.0 |       7 |       0 |   0.0
            +---------+---------+-------+---------+---------+-------
